 Dungeon Crawl Stone Soup version 0.20.1-1-g8b1a95d (webtiles) character file.

89 Irenicus the Chopper (level 4, -5/40 HPs)
             Began as a Deep Dwarf Monk on Oct 27, 2017.
             Killed from afar by an orc wizard (9 damage)
             ... with a magic dart
             ... on level 3 of the Dungeon.
             The game lasted 00:05:40 (1705 turns).

Irenicus the Chopper (Deep Dwarf Monk)              Turns: 1705, Time: 00:05:40

Health: -5/40      AC:  3    Str: 15      XL:     4   Next: 31%
Magic:  3/3        EV: 13    Int:  8 (10) God:
Gold:   53         SH:  0    Dex: 14 (16) Spells: 3/3 levels left

rFire    . . .     SeeInvis .   d - +0 hand axe (flame)
rCold    . . .     Gourm    .   (no shield)
rNeg     . . .     Faith    .   l - +0 leather armour
rPois    .         Spirit   .   (no helmet)
rElec    .         Reflect  .   (no cloak)
rCorr    +         Harm     .   (no gloves)
MR       .....                  (no boots)
Stlth    ++........             (no amulet)
Regen    0.0/turn               k - ring of resist corrosion
MPRegen  0.1/turn               (no ring)

@: non-regenerating
A: damage resistance, heal wounds, sense surroundings 1, no regeneration
a: Heal Wounds


You were on level 3 of the Dungeon.
You were hungry.

You visited 1 branch of the dungeon, and saw 3 of its levels.

You collected 53 gold pieces.

Inventory:

Hand Weapons
 a - a +0 hand axe
 d - a +0 hand axe of flaming (weapon)
Armour
 b - a +0 robe
 l - a +0 leather armour (worn)
Jewellery
 k - a ring of resist corrosion (left hand)
Scrolls
 f - 7 scrolls of remove curse {unknown}
 g - 3 scrolls of identify {unknown}
 j - 3 scrolls of enchant weapon {unknown}
 m - a scroll of recharging {unknown}
 o - 2 scrolls of teleportation {unknown}
 p - a scroll of amnesia {unknown}
 r - a scroll of enchant armour {unknown}
Potions
 n - a potion of haste
Comestibles
 c - 4 bread rations
 i - a meat ration
 q - a royal jelly


   Skills:
 - Level 2.6 Fighting
 + Level 5.7 Axes
 - Level 3.2 Dodging
 - Level 2.4 Stealth


You had 3 spell levels left.
You didn't know any spells.

Dungeon Overview and Level Annotations

Branches:
Dungeon (3/15)

Altars:
Cheibriados
Okawaru
Xom


Innate Abilities, Weirdness & Mutations

You are resistant to damage.
You can heal yourself by infusing magical energy.
You passively map a small area around you.
You do not regenerate.


Message History

The orc wizard mumbles some strange words.
The orc wizard blinks!
The orc wizard casts a spell at you. The magic dart hits you!
* * * LOW HITPOINT WARNING * * *
The orc wizard hits you with a dagger.
You hit the orc wizard. You burn the orc wizard.
The orc wizard is heavily wounded.
The orc wizard misses you.
You miss the orc wizard.
The orc wizard is heavily wounded.
The orc wizard gestures at you while chanting.
The magic dart hits you!
* * * LOW HITPOINT WARNING * * *
The orc wizard closely misses you.
You hit the orc wizard but do no damage.
The orc wizard is heavily wounded.
The orc wizard casts a spell at you. The magic dart hits you!
You die...

, ##.. , ,, , #...
, , #..# , , #..#
* * #..# #.., * #.
#.# ** #. #.#
#.*########@####.#
#. #.....?)o.>...#
#.*#.#####(#######
#.####.##.# #.#
#.........### #.#
#.....<....# #.#
#.###.####.# #.# *
#.* #.# #.# ,* #.
#.###(#


You could see an orc wizard.

Vanquished Creatures
  An orc wizard (D:3)
  An adder (D:2)
  2 oozes
  A worm (D:2)
  A leopard gecko (D:1)
  2 orcs (D:3)
  2 ball pythons
  2 bats
  4 giant cockroaches
  2 goblins
  2 hobgoblins (D:1)
  11 kobolds
  2 frilled lizards
  3 rats
36 creatures vanquished.

Notes
Turn   | Place    | Note
-------+----------+-------------------------------------------
     0 | D:1      | Irenicus the Deep Dwarf Monk began the quest for the Orb.
     0 | D:1      | Reached XP level 1. HP: 20/20 MP: 1/1
   290 | D:1      | Reached skill level 4 in Axes
   290 | D:1      | Reached XP level 2. HP: 27/27 MP: 2/2
   771 | D:2      | Reached XP level 3. HP: 24/33 MP: 3/3
  1007 | D:2      | Found an iron altar of Okawaru.
  1252 | D:2      | Found a shimmering altar of Xom.
  1253 | D:2      | Found a snail-covered altar of Cheibriados.
  1259 | D:2      | Reached skill level 5 in Axes
  1686 | D:3      | Reached XP level 4. HP: 28/40 MP: 3/3
  1705 | D:3      | Killed from afar by an orc wizard

Skill      XL: |  1  2  3 |
---------------+----------+-----
Axes           | 4 5 |  5.7
Fighting       | |  2.6
Dodging        | |  3.2
Stealth        | |  2.4

Action                   |  1- 3 |  4- 6 || total
-------------------------+-------+-------++-------
Melee: Hand axe          |   137 |    16 ||   153
 Abil: Heal Wounds       |     2 |       ||     2
  Use: Potion            |     3 |       ||     3
 Stab: Sleeping          |     3 |       ||     3
  Eat: Chunk             |     2 |       ||     2
Armor: Leather armour    |    26 |     4 ||    30
Dodge: Dodged            |   113 |    14 ||   127
